 Seeded DCSS version 0.29.1-1-gd02db6906a (webtiles) character file.

Game seed: 3197393722557819258 (custom seed)

80 brains the Ducker (level 4, -2/34 HPs)
             Began as a Djinni Gladiator on Sept 30, 2022.
             Slain by a scorpion (4 damage)
             ... on level 4 of the Dungeon on Oct 1, 2022.
             The game lasted 00:12:47 (1840 turns).

brains the Ducker (Djinni Gladiator)                Turns: 1840, Time: 00:12:48

Health: -2/34      AC:  4    Str: 15    XL:     4   Next: 65%
Gold:   110        EV: 13    Int:  9    God:
                   SH:  0    Dex: 15

rFire   + + .      SeeInvis .   k - +1 dagger (speed)
rCold   . . .      Faith    .   (no shield)
rNeg    . . .      Spirit   .   b - +0 leather armour
rPois   ∞          Reflect  .   c - +0 helmet
rElec   .          Harm     .   (no cloak)
rCorr   .          Rampage  .   (no gloves)
Will    .....                   (boots unavailable)
Stlth   +.........              (no amulet)
HPRegen 0.11/turn               h - ring of protection from cold
MPRegen 0.00/turn               (no ring)

@: flying
A: sickness immunity, fire resistance 2, cold vulnerability 1, float, innate
caster, HP casting, extra vitality 1
a: no special abilities


You were on level 4 of the Dungeon.
You visited 1 branch of the dungeon, and saw 4 of its levels.

You collected 110 gold pieces.

Inventory:

Hand Weapons
 a - a +0 rapier
 k - a +1 dagger of speed (weapon)
Missiles
 d - 2 throwing nets (quivered)
 e - a javelin
Armour
 b - a +0 leather armour (worn)
 c - a +0 helmet (worn)
Jewellery
 h - a ring of protection from cold (left hand)
Scrolls
 g - a scroll of noise {unknown}
 j - a scroll of enchant armour {unknown}
 m - a scroll of enchant weapon {unknown}
 o - a scroll of immolation {unknown}
 p - 2 scrolls of identify
Potions
 i - a potion of brilliance
 l - a potion of haste {unknown}
 n - a potion of heal wounds {unknown}


   Skills:
 + Level 2.3 Fighting
 + Level 3.5 Short Blades
 + Level 1.6 Throwing
 + Level 1.4 Armour
 + Level 3.9 Dodging
 + Level 0.3 Stealth


You had 2 spell levels left.
You knew the following spells:

 Your Spells              Type           Power      Damage    Failure   Level
a - Necrotise             Necr           0%         1d4       45%         1
Your spell library was empty.

Dungeon Overview and Level Annotations

Branches:
Dungeon (3/15)

Altars:
Cheibriados


Innate Abilities, Weirdness & Mutations

You are immune to sickness and miasma.
You are immune to poison.
Your flesh is very heat resistant. (rF++)
You are vulnerable to cold. (rC-)
You float through the air rather than walking.
You learn spells naturally, not from books.
Your magical power is your life essence.
You have superior vitality. (+4 MHP)


Message History

You hit the adder.
You kill the adder!
The scorpion closely misses you. The scorpion stings you.
The scorpion attacks as you move away!
The scorpion stings you but does no damage.
You completely miss the scorpion. The scorpion stings you.
You barely miss the scorpion. You hit the scorpion.
The scorpion is lightly wounded.
The scorpion misses you.
You hit the scorpion.
The scorpion is lightly wounded.
The scorpion barely misses you.
You hit the scorpion but do no damage.
The scorpion is lightly wounded.
You hit the scorpion but do no damage.
The scorpion is lightly wounded.
The scorpion stings you.
* * * LOW HITPOINT WARNING * * *
You barely miss the scorpion.
The scorpion is lightly wounded.
The scorpion stings you but does no damage.
You hit the scorpion but do no damage.
The scorpion is lightly wounded.
You hit the scorpion but do no damage.
The scorpion is lightly wounded.
The scorpion barely misses you.
You hit the scorpion but do no damage.
The scorpion is lightly wounded.
The scorpion stings you!
* * * LOW HITPOINT WARNING * * *
You hit the scorpion but do no damage.
The scorpion is lightly wounded.
You hit the scorpion but do no damage.
The scorpion is lightly wounded.
The scorpion misses you.
You hit the scorpion but do no damage.
The scorpion is lightly wounded.
The scorpion stings you.
You die...

#########
###.#...#(###
#...........#
#.#....#..##
#.....#..#.#
#.#....s#.#.#
# #..#.@)..#
#........###
#......#...
#.#.#...#.##
#.#...#. #.
#... #. #...
## #..#


You could see a scorpion.

Vanquished Creatures
  4 adders
  A dart slug (D:1)
  2 orcs (D:3)
  5 ball pythons
  An endoplasm (D:1)
  2 giant cockroaches
  6 goblins
  3 hobgoblins
  2 jackals (D:3)
  A quokka (D:3)
  5 bats (D:1)
  3 frilled lizards
  4 kobolds
39 creatures vanquished.

Vanquished Creatures (others)
  2 fungi (D:1)
2 creatures vanquished.

Grand Total: 41 creatures vanquished

Notes
Turn   | Place    | Note
-------+----------+-------------------------------------------
     0 | D:1      | brains the Djinni Gladiator began the quest for the Orb.
     0 | D:1      | Reached XP level 1. HP: 18/18 MP: 0/0
   347 | D:1      | Reached XP level 2. HP: 21/23 MP: 0/0
   851 | D:1      | Reached XP level 3. HP: 20/28 MP: 0/0
   851 | D:1      | Learned a level 1 spell: Necrotise
  1404 | D:2      | Found a snail-covered altar of Cheibriados.
  1711 | D:3      | Reached XP level 4. HP: 29/33 MP: 0/0
  1717 | D:3      | Reached skill level 1 in Armour
  1810 | D:3      | You are sucked into a shaft and drop 1 floor!
  1812 | D:4      | Noticed a scorpion
  1837 | D:4      | HP: 1/34 [scorpion (7)]
  1840 | D:4      | Slain by a scorpion

Illustrated notes

Levels and vault maps discovered:
D:1:      dpeg_cavernosity, layout_basic
D:2:      layout_basic, basic_altar, minmay_surrounded
D:3:      minmay_chambers_of_threes, layout_basic, serial_shops, shop,
          wad_orctagon
D:4:      layout_rooms, serial_shops, nicolae_square_shop,
          nicolae_stop_n_shop_2, nicolae_shop_stone, shop_fountains,
          minmay_increasing_density, uniq_menkaure

Skill      XL: |  1  2  3  4 |
---------------+-------------+-----
Short Blades   | 3 |  3.5
Armour         | 1 |  1.4
Fighting       | |  2.3
Throwing       | |  1.6
Dodging        | |  3.9
Stealth        | |  0.3

Action                   |  1- 3 |  4- 6 || total
-------------------------+-------+-------++-------
Melee: Rapier            |    29 |       ||    29
       Punch             |     2 |       ||     2
       Dagger            |   107 |    61 ||   168
Throw: Throwing net      |     3 |       ||     3
  Use: Scroll            |     2 |       ||     2
 Stab: Sleeping          |     1 |       ||     1
Armor: Leather armour    |    37 |    12 ||    49
Dodge: Dodged            |    84 |    29 ||   113
